 Dungeon Crawl Stone Soup version 0.21-a0-273-g0785366 (webtiles) character file.

413 Munchy the Cudgeler (level 6, -1/51 HPs)
             Began as a Demonspawn Chaos Knight on Sept 16, 2017.
             Slain by a goblin
             ... wielding a +0 club
             ... led by Robin
              (3 damage)
             ... on level 3 of the Dungeon.
             The game lasted 00:05:34 (3778 turns).

Munchy the Cudgeler (Demonspawn Chaos Knight)       Turns: 3778, Time: 00:05:34

Health: -1/51      AC:  5    Str: 18    XL:     6   Next: 59%
Magic:  5/5        EV: 12    Int:  9    God:    Xom [*.....]
Gold:   64         SH:  0    Dex: 12    Spells: 5/5 levels left

rFire    . . .     SeeInvis .   a - +0 mace (chaos)
rCold    + . .     Gourm    .   (no shield)
rNeg     . . .     Faith    .   b - +2 leather armour
rPois    +         Spirit   .   (helmet restricted)
rElec    .         Reflect  .   (no cloak)
rCorr    .         Harm     .   (no gloves)
MR       .....                  (no boots)
Stlth    +.........             (no amulet)
HPRegen  0.17/turn              k - +1 ring of evasion
MPRegen  0.09/turn              (no ring)

@: mighty
A: antennae 1, icy blue scales 1, cold resistance 1, deformed body, dopey 2, low
mp 1, poison resistance, powered by pain 1, weak 1
a: Renounce Religion


You were on level 3 of the Dungeon.
You worshipped Xom.
You were a special plaything of Xom.
You were not hungry.

You visited 1 branch of the dungeon, and saw 3 of its levels.

You collected 64 gold pieces.

Inventory:

Hand Weapons
 a - a +0 mace of chaos (weapon)
 i - a +0 hunting sling
 u - a +0 hunting sling
Missiles
 j - 75 stones (quivered)
 n - 53 sling bullets
Armour
 b - a +2 leather armour (worn)
 g - a +0 scale mail
Jewellery
 k - a +1 ring of evasion (left hand)
 p - a +4 ring of protection {unknown}
Scrolls
 d - a scroll of fear {unknown}
 e - a scroll of magic mapping {unknown}
 h - a scroll of blinking {unknown}
 l - 2 scrolls of teleportation {unknown}
 m - 3 scrolls of remove curse {unknown}
 s - a scroll of identify {unknown}
Potions
 f - a potion of resistance {unknown}
 r - a potion of lignification {unknown}
Comestibles
 c - 2 bread rations
 t - 4 chunks of flesh


   Skills:
 + Level 5.1 Fighting
 * Level 5.7 Maces & Flails
 - Level 1.7 Armour
 - Level 0.8 Dodging


You had 5 spell levels left.
You didn't know any spells.

Dungeon Overview and Level Annotations

Branches:
Dungeon (3/15)

Altars:

Annotations:
D:3 Robin


Innate Abilities, Weirdness & Mutations

You have a pair of small antennae on your head.
You are partially covered in icy blue scales. (AC +2)
You sometimes gain a little power by taking damage.
Your flesh is cold resistant. (rC+)
Armour fits poorly on your strangely shaped body.
You are very dopey. (Int -4)
Your magical capacity is low. (-10% MP)
Your system is resistant to poisons. (rPois)
You are weak. (Str -2)


Message History

Robin throws the goblin at you! The goblin hits you with a dagger.
* * * LOW HITPOINT WARNING * * *
You see here an uncursed hunting sling.
You feel better.
The goblin wields a hunting sling.
The goblin shoots a sling bullet.
The sling bullet barely misses you.
You hear a splash.
The goblin hits you but does no damage.
You feel very mighty all of a sudden. The goblin closely misses you.
Robin throws the goblin at you! The goblin closely misses you. x2
Unknown command.
You closely miss the goblin. The goblin hits you with a club.
* * * LOW HITPOINT WARNING * * *
The goblin hits you with a club.
* * * LOW HITPOINT WARNING * * *
The goblin misses you. The goblin hits you with a dagger.
* * * LOW HITPOINT WARNING * * *
Unknown command.
The goblin hits you with a club.
You die...

......... .#
###..#.######.##
(.(............#
(##....≈≈...≈≈###
(....≈≈≈≈...≈≈≈≈##
(≈≈≈≈≈≈##'''##≈≈≈#
≈≈≈≈≈≈≈#.....#≈≈≈#
≈≈.....#.....#g.g#
≈......#.....#g)@#
≈..##'##.....##g##
≈..#.).#.†.÷.#ggg#
≈..#...#.....#gg.#
≈..#...#.....#)..#
≈..##'##.....##'##
≈...#..........(.#
≈...#............#
≈...##########...#


You could see Robin, a hobgoblin and 6 goblins.

Vanquished Creatures
  An ice beast (D:2)
  A phantom (D:2)
  Terence (D:2)
  An orc wizard (D:3)
  4 adders (D:2)
  An ooze (D:3)
  2 worms (D:2)
  3 dart slugs
  2 orcs (D:3)
  2 ball pythons (D:2)
  2 giant cockroaches (D:2)
  8 goblins
  6 hobgoblins
  7 jackals
  9 kobolds
  4 quokkas
  6 bats
  3 frilled lizards
  9 rats
72 creatures vanquished.

Vanquished Creatures (collateral kills)
  An ogre (D:2)
1 creature vanquished.

Grand Total: 73 creatures vanquished

Notes
Turn   | Place    | Note
-------+----------+-------------------------------------------
     0 | D:1      | Munchy the Demonspawn Chaos Knight began the quest for the Orb.
     0 | D:1      | Reached XP level 1. HP: 18/18 MP: 1/1
    16 | D:1      | XOM: butterfly on damage
   326 | D:1      | XOM: butterfly on damage
   329 | D:1      | Gained mutation: You have a pair of small antennae on your head. [demonic ancestry]
   329 | D:1      | Reached XP level 2. HP: 14/24 MP: 2/2
  1089 | D:1      | XOM: mild Fire miscast
  1266 | D:2      | Gained mutation: You are partially covered in icy blue scales. (AC +2) [demonic ancestry]
  1266 | D:2      | Reached XP level 3. HP: 22/29 MP: 3/3
  1446 | D:2      | Noticed a phantom
  1447 | D:2      | XOM: give mutations
  1447 | D:2      | Gained mutation: You occasionally shout uncontrollably at your foes. [Xom's mischief]
  1447 | D:2      | Gained mutation: You are weak. (Str -2) [Xom's mischief]
  1447 | D:2      | Lost mutation: You occasionally shout uncontrollably at your foes. [Xom's mischief]
  1453 | D:2      | XOM: smoke on damage
  1454 | D:2      | XOM: butterfly on damage
  1463 | D:2      | XOM: confuse monster(s)
  1578 | D:2      | XOM: enchant monster (good)
  1615 | D:2      | Killed a phantom
  1615 | D:2      | Reached XP level 4. HP: 20/37 MP: 4/4
  1990 | D:2      | XOM is BORED!
  1990 | D:2      | XOM: give mutations
  1990 | D:2      | Gained mutation: You are clumsy. (Dex -2) [Xom's mischief]
  1990 | D:2      | Gained mutation: You are dopey. (Int -2) [Xom's mischief]
  1990 | D:2      | Gained mutation: Scrolls take you a little longer to read. [Xom's mischief]
  1990 | D:2      | Gained mutation: You have sharp toenails. [Xom's mischief]
  2019 | D:2      | Noticed an ogre
  2021 | D:2      | XOM: swap monsters
  2022 | D:2      | XOM: butterfly on damage
  2025 | D:2      | Lost mutation: You are weak. (Str -2) [potion of mutation]
  2025 | D:2      | Lost mutation: You are clumsy. (Dex -2) [potion of mutation]
  2025 | D:2      | Lost mutation: You have sharp toenails. [potion of mutation]
  2025 | D:2      | Gained mutation: Your spells are a little harder to cast, but a little more powerful. [potion of mutation]
  2025 | D:2      | Gained mutation: You have sharp toenails. [potion of mutation]
  2025 | D:2      | Gained mutation: Your flesh is cold resistant. (rC+) [potion of mutation]
  2028 | D:2      | XOM: cast spell 'Summon Horrible Things'
  2034 | D:2      | Killed an ogre
  2034 | D:2      | Reached XP level 5. HP: 5/42 MP: 5/5
  2368 | D:2      | Noticed an ice beast
  2377 | D:2      | XOM: 1-stop teleportation journey
  2380 | D:2      | XOM: swap monsters
  2671 | D:2      | Noticed Terence
  2676 | D:2      | Killed Terence
  2676 | D:2      | Reached skill level 5 in Maces & Flails
  2862 | D:2      | XOM: give mutations
  2862 | D:2      | Lost mutation: Scrolls take you a little longer to read. [Xom's mischief]
  2862 | D:2      | Gained mutation: Your magical capacity is low. (-10% MP) [Xom's mischief]
  2862 | D:2      | Lost mutation: Your spells are a little harder to cast, but a little more powerful. [Xom's mischief]
  2876 | D:2      | Killed an ice beast
  2876 | D:2      | Gained mutation: You sometimes gain a little power by taking damage. [demonic ancestry]
  2876 | D:2      | Reached XP level 6. HP: 50/50 MP: 5/5
  3206 | D:2      | Reached skill level 5 in Fighting
  3420 | D:3      | XOM: give mutations
  3420 | D:3      | Gained mutation: Your system is resistant to poisons. (rPois) [Xom's mischief]
  3420 | D:3      | Gained mutation: You are very dopey. (Int -4) [Xom's mischief]
  3420 | D:3      | Gained mutation: Armour fits poorly on your strangely shaped body. [Xom's mischief]
  3549 | D:3      | XOM: give mutations
  3549 | D:3      | Gained mutation: You are weak. (Str -2) [Xom's mischief]
  3549 | D:3      | Lost mutation: You have sharp toenails. [Xom's mischief]
  3695 | D:3      | XOM: harmless Chrm miscast
  3754 | D:3      | Noticed Robin
  3777 | D:3      | HP: 2/51 [goblin/dagger[Robin] (1)]
  3778 | D:3      | Slain by a goblin

Vault maps used:
D:1:      dpeg_arrival_connections, minmay_octomino_e4
D:2:      hangedman_abyss_or_decor_stabs, solitary_fountain,
          grunt_decor_fettered, minmay_mini_jars, uniq_terence
D:3:      kennysheep_goblin_castle, grunt_temple_overflow_diamond

Skill      XL: |  1  2  3  4  5  6 |
---------------+-------------------+-----
Maces & Flails | 3 4 5 |  5.7
Fighting       | 4 5 |  5.1
Armour         | |  1.7
Dodging        | |  0.8

Action                   |  1- 3 |  4- 6 || total
-------------------------+-------+-------++-------
Melee: Mace              |    88 |   149 ||   237
       Kick              |       |    20 ||    20
  Use: Potion            |       |     6 ||     6
 Stab: Paralysed         |       |     1 ||     1
  Eat: Chunk             |     1 |     4 ||     5
       Bread ration      |       |     1 ||     1
Armor: Leather armour    |    34 |    86 ||   120
Dodge: Dodged            |    57 |   146 ||   203

Table legend:
 A = Spawn XP
 B = Non-spawn XP
 C = Spawn XP percentage of total XP
 D = Spawn monster count
 E = Non-spawn monster count
 F = Spawn count percentage of total count
 G = Total turns spent on level
                    A         B        C        D         E        F      G
               +---------+---------+-------+---------+---------+-------+---------
         Total |       0 |     590 |   0.0 |       0 |      73 |   0.0 |  3778
               +---------+---------+-------+---------+---------+-------+---------
           D:1 |       0 |      32 |   0.0 |       0 |      20 |   0.0 |  1218
           D:2 |       0 |     487 |   0.0 |       0 |      38 |   0.0 |  2072
           D:3 |       0 |      71 |   0.0 |       0 |      15 |   0.0 |   488
               +---------+---------+-------+---------+---------+-------+---------
